AoeStats
← 2741328501

Arena

508791102Analyzed
2v2 RM · 1mo ago on Sep 24, 2026· 70m 59s· 4 players
Game mode
Random Map
Map size
Medium (4 player)
Population
200
Speed
Normal
Resources
Standard
Victory
Conquest
Starting age
Dark Age
Ending age
Imperial Age
RankedLock teamsTeams togetherTeam positionsShared explorationLock speedFull tech treeHidden civsTurbo modeCheats
Victory
Defeat
🇨🇳 Celts · China
523
+14
🇪🇸 Slavs · Spain
305
+22
vs
🇲🇽 Byzantines · Mexico
484
-19
🇲🇽 Bohemians · Mexico
433
-17
LiguarSan
13:16 Feudal Age
14:21 Horse Collar
14:39 Gold Mining
15:34 Double-Bit Axe
24:56 Castle Age
30:13 Wheelbarrow
30:00 Pikeman
30:40 Squires
34:19 Coinage
33:49 Caravan
38:28 Hand Cart
38:54 Stone Mining
39:40 Gold Shaft Mining
39:10 Husbandry
42:14 Imperial Age
40:20 Loom
42:32 Bow Saw
42:38 Forging
42:29 Scale Mail Armor
42:34 Scale Barding Armor
43:07 Guilds
45:01 Hoardings
44:28 Greek Fire
47:55 Banking
47:34 Elite Cataphract
48:38 Conscription
51:31 Cavalier
53:38 Iron Casting
53:19 Chain Mail Armor
54:58 Onager
54:59 Capped Ram
55:53 Halberdier
55:54 Man-at-Arms
56:20 Gambesons
56:22 Arson
55:59 Elite Varangian Guard
58:08 Elite Skirmisher
58:09 Heavy Cavalry Archer
60:03 Paladin
67:27 Fortified Wall
67:03 Arrowslits
f_arlo
0:41 Loom
12:47 Feudal Age
13:17 Horse Collar
14:15 Double-Bit Axe
22:31 Castle Age
23:23 Heavy Plow
23:35 Bow Saw
26:51 Fortified Wall
27:43 Chemistry
26:34 Guard Tower
27:05 Ballistics
26:40 Murder Holes
27:32 Wheelbarrow
27:30 Fervor
27:41 Sanctity
28:18 Masonry
31:20 Hand Cart
34:06 Imperial Age
31:55 Hand Cart
32:04 Hand Cart
34:46 Forging
34:36 Scale Mail Armor
34:42 Scale Barding Armor
34:37 Padded Archer Armor
34:28 Fletching
34:03 Pikeman
34:44 Squires
34:29 Arson
37:44 Keep
37:50 Iron Casting
37:30 Chain Mail Armor
37:42 Caravan
39:53 Conscription
39:43 Arrowslits
43:31 Hussite Reforms
48:28 Two-Man Saw
48:43 Siege Engineers
49:09 Architecture
48:27 Halberdier
52:26 Man-at-Arms
54:16 Long Swordsman
54:46 Cavalier
58:21 Houfnice
58:27 Houfnice
59:31 Two-Handed Swordsman
60:40 Two-Handed Swordsman
62:31 Champion
62:37 Light Cavalry
popcorn6856
12:10 Feudal Age
14:18 Horse Collar
15:28 Wheelbarrow
14:48 Double-Bit Axe
23:50 Castle Age
24:21 Crossbowman
26:44 Coinage
26:17 Caravan
26:50 Hand Cart
27:04 Heavy Plow
29:43 Bow Saw
30:42 Stone Mining
30:43 Gold Mining
32:53 Gold Shaft Mining
34:52 Detinets
34:50 Guard Tower
35:13 Fortified Wall
35:31 Ballistics
35:07 Murder Holes
35:24 Masonry
39:23 Imperial Age
36:41 Loom
36:42 Town Watch
37:12 Scale Mail Armor
37:20 Scale Barding Armor
37:27 Forging
37:08 Fletching
37:19 Padded Archer Armor
38:13 Squires
37:37 Pikeman
42:32 Elite Boyar
43:42 Conscription
43:26 Druzhina
42:52 Halberdier
44:25 Town Patrol
46:11 Chain Barding Armor
46:27 Iron Casting
46:13 Chain Mail Armor
51:25 Onager
51:27 Heavy Scorpion
51:28 Capped Ram
52:55 Banking
55:52 Chemistry
55:04 Siege Engineers
55:51 Siege Onager
56:05 Siege Ram
64:51 Blast Furnace
63:47 Bodkin Arrow
64:08 Leather Archer Armor
64:24 Plate Mail Armor
64:31 Plate Barding Armor
63:24 Heavy Cavalry Archer
71:03 Ring Archer Armor
71:13 Hoardings
70:10 Sappers
70:24 Sappers
2741328501
10:35 Feudal Age
14:31 Castle Age
12:54 Double-Bit Axe
17:34 Horse Collar
29:17 Imperial Age
27:40 Wheelbarrow
27:45 Gold Mining
27:46 Stone Mining
31:40 Hand Cart
32:02 Bow Saw
32:05 Heavy Plow
33:10 Stronghold
34:36 Guilds
34:56 Coinage
34:24 Capped Ram
36:04 Heavy Mounted Crossbowman
38:24 Ballistics
40:33 Gambesons
40:10 Pikeman
40:37 Arson
41:23 Furor Celtica
41:28 Padded Archer Armor
41:19 Fletching
41:32 Scale Mail Armor
41:42 Forging
42:36 Chemistry
41:59 Elite Woad Raider
44:03 Coinage
43:33 Caravan
43:22 Siege Ram
45:09 Gold Shaft Mining
45:10 Stone Shaft Mining
53:09 Chain Mail Armor
53:30 Iron Casting
52:51 Bodkin Arrow
53:12 Leather Archer Armor
53:40 Banking
65:12 Ring Archer Armor
65:13 Plate Mail Armor
Connection lost

Rejoining the realm…

Still unreachable

The connection could not be restored.

Session expired

The server has moved on; the page needs a fresh start.